 Dungeon Crawl Stone Soup version 0.18.1-50-g88ac8fd (webtiles) character file.

670 Franakus the Conjurer (level 7, -4/37 HPs)
             Began as a Deep Elf Conjurer on Oct 27, 2016.
             Was a Follower of Vehumet.
             Slain by a troll (15 damage)
             ... on level 7 of the Dungeon.
             The game lasted 00:33:02 (1455 turns).

Franakus the Conjurer (Deep Elf Conjurer)           Turns: 1455, Time: 00:33:03

Health: -4/37      AC:  2    Str:  8    XL:     7   Next: 32%
Magic:  5/17       EV: 15    Int: 22    God:    Vehumet [*.....]
Gold:   147        SH:  0    Dex: 15    Spells: 5 memorised, 1 level left

rFire  . . .     SeeInvis .     y - +0 flail (holy)
rCold  . . .     Gourm    .     a - +0 robe
rNeg   . . .     Faith    .     (no shield)
rPois  .         Spirit   .     v - +0 hat
rElec  .         Dismiss  .     (no cloak)
rCorr  .         Reflect  .     (no gloves)
SustAt .         Harm     .     (no boots)
MR     .....                    x - amulet of regeneration
Stlth  +++.......               (no ring)
                                n - +3 ring of strength

@: not resistant to hostile enchantments, fairly stealthy
A: no striking features
a: Renounce Religion


You were on level 7 of the Dungeon.
You worshipped Vehumet.
Vehumet was aware of your devotion.
You were hungry.

You visited 2 branches of the dungeon, and saw 9 of its levels.

You collected 147 gold pieces.

Inventory:

Hand Weapons
 h - a +0 vampiric short sword
 y - a +0 flail of holy wrath (weapon)
Missiles
 c - 6 tomahawks of dispersal (quivered)
Armour
 a - a +0 robe (worn)
 k - a +0 hat
 v - a +0 hat (worn)
Jewellery
 n - a +3 ring of strength (left hand)
 x - an amulet of regeneration (around neck)
Wands
 j - a wand of iceblast (12/15)
 r - a wand of lightning (7/15)
Scrolls
 o - a scroll of immolation
 p - a scroll of identify
 q - a scroll of remove curse
Potions
 e - 3 potions of curing
 f - a potion of resistance {unknown}
 g - a potion of flight {unknown}
 i - a potion of lignification {unknown}
 s - a potion of mutation {unknown}
 z - a potion of magic {unknown}
 B - a potion of haste {unknown}
Books
 b - a book of Conjurations

   Spells                             Type                      Level
   a - Magic Dart                     Conjuration                  1
   b - Searing Ray                    Conjuration                  2
   c - Dazzling Spray                 Conjuration/Hexes            3
   d - Fulminant Prism                Conjuration/Hexes            4
   e - Iskenderun's Mystic Blast      Conjuration                  4
   f - Iskenderun's Battlesphere      Conjuration/Charms           5
Comestibles
 d - a slice of pizza
 l - 2 bread rations
 m - a beef jerky
 w - a meat ration
 A - 7 chunks of flesh


   Skills:
 + Level 0.8 Fighting
 + Level 5.3 Dodging
 + Level 3.7 Stealth
 + Level 5.4 Spellcasting
 + Level 7.2 Conjurations
 + Level 0.9 Evocations


You had one spell level left.
You knew the following spells:

 Your Spells              Type           Power        Failure   Level  Hunger
a - Magic Dart            Conj           ####         1%          1    None
b - Searing Ray           Conj           #####.       1%          2    None
c - Dazzling Spray        Conj/Hex       ###...       10%         3    ##.....
d - Iskenderun's Mystic   Conj           #####...     6%          4    ####...
e - Iskenderun's Battles  Conj/Chrm      ###.....     75%         5    #####..


Dungeon Overview and Level Annotations

Branches:
Dungeon (8/15)             Temple (1/1) D:4
   Lair: D:8-11

Altars:
Ashenzari
Cheibriados
Dithmenos
Elyvilon
Fedhas
Gozag
Kikubaaqudgha
Nemelex Xobeh
Okawaru
Pakellas
Ru
Sif Muna
Vehumet
Xom
Yredelemnul
Zin
The Shining One

Shops:
D:6 *


Message History

A jelly, a troll and a zombie come into view.
You see here a hippogriff skeleton.
The troll misses you. x2; The troll claws you!
There is a stone staircase leading up here.
The troll bites you! The troll claws you. The troll claws you!
* * * LOW HITPOINT WARNING * * *
You climb upwards.
There is a stone staircase leading down here.
Evoke which item? (* to show all) (? for menu, Esc to quit)
Okay, then.
Evoke which item? (* to show all) (? for menu, Esc to quit)
Zapping:
r - a wand of lightning (8/15)
Press: ? - help, Shift-Dir - straight line, f - troll
Aim: a troll You hear a mighty clap of thunder!
The bolt of lightning hits the troll.
The troll is lightly wounded.
This wand has 7 charges left.
The troll barely misses you. The troll closely misses you. The troll claws you!
You die...

#.#.#.# #.##..#
##.#### ##.##
####.## ..##.#
#.#.####### +#
#####.##.....#
.####.##.##....T@#
.................#
.................#
.............#####
.............#
..##.........#
>.##.........#
..##.........#
..##.........#


You could see a troll.

Vanquished Creatures
  A hippogriff (D:8)
  The ghost of Franakus the Conjurer, an amateur DECj of Vehumet (D:6)
  The ghost of Franakus the Conjurer, an amateur DECj (D:5)
  3 giant frogs (D:7)
  An orc priest (D:7)
  A centaur skeleton (D:6)
  An orc wizard (D:7)
  2 worker ants
  4 adders
  4 adder skeletons
  A worm (D:3)
  2 dart slugs
  2 giant geckos (D:3)
  2 orcs
  2 bats
  7 giant cockroaches
  2 hobgoblins
  2 kobolds
  2 ball pythons
  A giant gecko skeleton (D:5)
  A giant newt (D:6)
43 creatures vanquished.

Notes
Turn   | Place    | Note
--------------------------------------------------------------
     0 | D:1      | Franakus the Deep Elf Conjurer began the quest for the Orb.
     0 | D:1      | Reached XP level 1. HP: 10/10 MP: 6/6
   199 | D:3      | Reached XP level 2. HP: 15/15 MP: 4/8
   203 | D:3      | Learned a level 2 spell: Searing Ray
   231 | D:4      | Reached skill level 5 in Conjurations
   231 | D:4      | Reached XP level 3. HP: 12/19 MP: 3/9
   354 | D:4      | Found an iron altar of Okawaru.
   356 | D:4      | Found a staircase to the Ecumenical Temple.
   373 | Temple   | Entered the Ecumenical Temple
   392 | Temple   | Became a worshipper of Vehumet
   510 | D:5      | Entered Level 5 of the Dungeon
   569 | D:3      | Reached XP level 4. HP: 22/24 MP: 3/11
   574 | D:3      | Learned a level 3 spell: Dazzling Spray
   625 | D:2      | Reached skill level 6 in Conjurations
   668 | D:5      | Noticed an orc warrior
   807 | D:5      | Noticed Franakus's ghost (amateur DECj)
   817 | D:5      | Killed Franakus's ghost
   817 | D:5      | Reached XP level 5. HP: 16/28 MP: 12/12
   830 | D:5      | Learned a level 4 spell: Iskenderun's Mystic Blast
   952 | D:6      | Found Vuynucro's General Store.
   970 | D:6      | Found a sacrificial altar of Ru.
  1028 | D:6      | Noticed Franakus's ghost (amateur DECj)
  1032 | D:6      | Killed Franakus's ghost
  1129 | D:6      | Reached * piety under Vehumet
  1129 | D:6      | Offered knowledge of Sting by Vehumet.
  1129 | D:6      | Reached XP level 6. HP: 30/32 MP: 1/14
  1333 | D:7      | Reached skill level 7 in Conjurations
  1341 | D:7      | Reached skill level 5 in Spellcasting
  1349 | D:7      | Learned a level 5 spell: Iskenderun's Battlesphere
  1371 | D:7      | Reached skill level 5 in Dodging
  1371 | D:7      | Reached XP level 7. HP: 29/37 MP: 0/16
  1384 | D:7      | Found an oddly glowing altar of Pakellas.
  1422 | D:8      | Noticed a hippogriff
  1426 | D:8      | Killed a hippogriff
  1433 | D:8      | Noticed a troll
  1437 | D:8      | HP: 1/37 [troll (15)]
  1455 | D:7      | Slain by a troll

Skill      XL: |  1  2  3  4  5  6 |
---------------+-------------------+-----
Conjurations   | 5 6 7 |  7.2
Dodging        | 3 5 |  5.3
Stealth        | 3 |  3.7
Spellcasting   | 4 5 |  5.4
Fighting       | |  0.8
Evocations     | |  0.9

Action                   |  1- 3 |  4- 6 |  7- 9 || total
-------------------------+-------+-------+-------++-------
Melee: Short sword       |    17 |    23 |       ||    40
       Flail             |       |    12 |       ||    12
 Cast: Magic Dart        |    16 |     6 |       ||    22
       Searing Ray       |     8 |    11 |       ||    19
       Iskenderun's Myst |       |     7 |     2 ||     9
Evoke: Wand              |       |     3 |     3 ||     6
  Use: Scroll            |     3 |     3 |     2 ||     8
       Potion            |       |     1 |       ||     1
 Stab: Sleeping          |     1 |     1 |       ||     2
  Eat: Bread ration      |     1 |       |       ||     1
       Chunk             |       |     3 |       ||     3
Armor: Robe              |     2 |     5 |       ||     7
Dodge: Dodged            |    16 |    46 |     4 ||    66
